 Dungeon Crawl Stone Soup version 0.27.1-1-g398f81649c (webtiles) character file.

Game seed: 13517903297402046098

5284 Crownlay the Cleaver (level 10, -3/91 HPs)
             Began as a Hill Orc Fighter on Sept 11, 2021.
             Was a Follower of Okawaru.
             Killed by divine providence
             ... invoked by a meliai
              (12 damage)
             ... on level 8 of the Dungeon.
             The game lasted 00:19:17 (9723 turns).

Crownlay the Cleaver (Hill Orc Fighter)             Turns: 9723, Time: 00:19:18

Health: -3/91      AC: 14    Str: 23    XL:     10   Next: 63%
Magic:  8/10       EV: 11    Int:  8    God:    Okawaru [*.....]
Gold:   476        SH:  6    Dex: 10    Spells: 9/9 levels left

rFire    . . .     SeeInvis .   x - +2 broad axe (flame)
rCold    . . .     Faith    .   f - +0 buckler
rNeg     . . .     Spirit   .   b - +0 scale mail
rPois    .         Reflect  .   d - +2 helmet
rElec    .         Harm     .   (no cloak)
rCorr    +         Rampage  .   p - +2 pair of gloves
Will     .....                  (no boots)
Stlth    +.........             (no amulet)
HPRegen  0.25/turn              y - ring of resist corrosion
MPRegen  0.12/turn              (no ring)

@: heroic
A: no striking features
a: Renounce Religion, Heroism


You were on level 8 of the Dungeon.
You worshipped Okawaru.
Okawaru was aware of your devotion.
You visited 2 branches of the dungeon, and saw 10 of its levels.

You collected 476 gold pieces.

Inventory:

Hand Weapons
 x - a +2 broad axe of flaming (weapon)
Missiles
 i - 10 boomerangs (quivered)
 j - 5 silver boomerangs
Armour
 b - a +0 scale mail (worn)
 c - a +0 kite shield
 d - a +2 helmet (worn)
 f - a +0 buckler (worn)
 p - a +2 pair of gloves (worn)
Jewellery
 y - a ring of resist corrosion (left hand)
Wands
 a - a wand of mindburst (14)
 s - a wand of flame (36)
Scrolls
 e - 5 scrolls of teleportation
 k - a scroll of silence
 r - 3 scrolls of enchant armour
 t - a scroll of amnesia {unknown}
 u - a scroll of enchant weapon {unknown}
 v - a scroll of torment {unknown}
 w - 2 scrolls of acquirement {unknown}
Potions
 g - a potion of attraction
 h - 2 potions of brilliance
 l - a potion of haste {unknown}
 m - a potion of heal wounds {unknown}
 n - 2 potions of lignification
 o - a potion of flight
 q - a potion of magic {unknown}
 z - 3 potions of berserk rage {unknown}


   Skills:
 * Level 9.5(14.5) Fighting
 + Level 14.8(19.8) Axes
 - Level 5.0(10.0) Throwing
 - Level 3.2(8.2) Armour
 - Level 4.9(9.9) Shields


You had 9 spell levels left.
You didn't know any spells.
Your spell library contained the following spells:

 Spells                   Type           Power      Damage    Failure   Level
 Animate Skeleton         Necr           0%         N/A       67%         1
 Pain                     Necr           0%         1d4       67%         1
 Call Canine Familiar     Summ           0%         N/A       96%         3
 Dazzling Flash           Conj/Hex       0%         N/A       96%         3
 Gell's Gravitas          Tloc           0%         N/A       96%         3
 Portal Projectile        Hex/Tloc       0%         N/A       96%         3
 Teleport Other           Tloc           0%         N/A       96%         3
 Vampiric Draining        Necr           0%         2d6       96%         3
 Animate Dead             Necr           0%         N/A       100%        4
 Hailstorm                Conj/Ice       0%         3d3       100%        4
 Ice Form                 Ice/Tmut       0%         N/A       100%        4
 Leda's Liquefaction      Hex/Erth       0%         N/A       100%        4
 Agony                    Necr           0%         N/A       100%        5
 Borgnjor's Vile Clutch   Necr/Erth      0%         N/A       100%        5
 Silence                  Hex/Air        0%         N/A       100%        5
 Death Channel            Necr           0%         N/A       100%        6
 Dispersal                Tloc           0%         N/A       100%        6
 Simulacrum               Ice/Necr       0%         N/A       100%        6


Dungeon Overview and Level Annotations

Branches:
Dungeon (9/15)             Temple (1/1) D:7
   Lair: D:8-11         Orc: D:9-12

Altars:
Dithmenos
Gozag
Kikubaaqudgha
Makhleb
Okawaru
Qazlal
Ru
Sif Muna
Trog
Uskayaw
Vehumet
Xom
Yredelemnul
Zin
The Shining One

Annotations:
D:2 1 runed translucent door, exclusion: door, Crazy Yiuf
D:7 2 transporters, MeltyBlood's ghost, novice MfGl


Message History

You kill Grum!
Okawaru accepts your kill.
A meliai comes into view. It is wielding a +0 broad axe.
Things that are here:
a -2 spear; a +0 animal skin A meliai is nearby!
You gain the combat prowess of a mighty hero.
The meliai buzzes angrily.
The meliai hits you with a +0 broad axe!
The meliai stings you.
Things that are here:
a yak corpse; a yak skeleton You barely miss the meliai.
The meliai hits you with a +0 broad axe.
The meliai stings you.
You slash the meliai! You burn the meliai.
The meliai is severely wounded.
The meliai hits you but does no damage. The meliai barely misses you.
The meliai calls down the wrath of its god upon you.
Something smites you!
* * * LOW HITPOINT WARNING * * *
You closely miss the meliai.
The meliai is severely wounded.
The meliai hits you with a +0 broad axe.
* * * LOW HITPOINT WARNING * * *
The meliai stings you.
* * * LOW HITPOINT WARNING * * *
You completely miss the meliai.
The meliai is severely wounded.
The meliai hits you with a +0 broad axe.
* * * LOW HITPOINT WARNING * * *
The meliai stings you but does no damage.
Okay, then.
You closely miss the meliai.
The meliai is severely wounded.
The meliai hits you but does no damage.
The meliai stings you but does no damage.
The meliai mumbles some strange prayers to its god against you.
Something smites you!
You die...

##.....############....##.....#
#####.....###...###....#......#
# #.....#............#......# #
#####.#............#......#
###............#......#
#...##.#######......# .
##..##.###.....####.### ..
##..#)†.#.....#...)#.. ...
##.#@†.#.....#....#.. ....
#.#y..#.....#....#.. .....
###...#.....###)##..
...$..###...##......)..#..
......'......#.........#..
......'......#.........#..
......#......'.........#..
......########.........#..
...g. #..........##'####..


You could see a meliai.

Vanquished Creatures
  A troll (D:6)
  A shadow (D:7)
  A wyvern (D:5)
  5 yaks (D:8)
  Grum (D:8)
  Duvessa (D:4)
  3 water moccasins (D:6)
  An orc warrior (D:7)
  2 black bears (D:6)
  A hornet zombie (D:8)
  4 sky beasts
  An ice beast (D:5)
  2 necrophages
  3 ogres
  A centaur (D:5)
  2 wolves (D:8)
  3 kobold brigands
  2 scorpions
  3 bullfrogs
  Dowan (D:4)
  4 wights
  3 howler monkeys (D:7)
  2 centaur zombies
  2 bullfrog zombies (D:5)
  A jelly (D:8)
  2 bullfrog skeletons (D:6)
  4 orc priests
  2 centaur skeletons
  4 hounds
  5 iguanas
  6 orc wizards
  Robin (D:4)
  8 gnolls
  A howler monkey skeleton (D:4)
  2 howler monkey zombies
  12 adders
  A shadow imp (D:8)
  3 worms
  2 dart slugs
  38 orcs
  8 endoplasms
  6 giant cockroaches
  7 hobgoblins
  2 quokkas
  7 ball pythons
  2 bats
  3 frilled lizards
  17 goblins
  37 kobolds
  4 rats
235 creatures vanquished.

Vanquished Creatures (others)
  21 plants
21 creatures vanquished.

Grand Total: 256 creatures vanquished

Notes
Turn   | Place    | Note
-------+----------+-------------------------------------------
     0 | D:1      | Crownlay the Hill Orc Fighter began the quest for the Orb.
     0 | D:1      | Reached XP level 1. HP: 19/19 MP: 1/1
    90 | D:1      | Reached skill level 3 in Axes
   337 | D:1      | Reached XP level 2. HP: 26/26 MP: 2/2
   429 | D:1      | Found a faded altar of an unknown god.
   463 | D:1      | Reached skill level 4 in Axes
  1157 | D:2      | Reached XP level 3. HP: 30/31 MP: 3/3
  1430 | D:2      | Found a runed translucent door.
  1431 | D:2      | Noticed Crazy Yiuf
  1944 | D:3      | Reached XP level 4. HP: 39/39 MP: 4/4
  2016 | D:3      | Reached skill level 5 in Axes
  2298 | D:3      | Reached skill level 6 in Axes
  2466 | D:3      | Found a shimmering blue altar of Sif Muna.
  2690 | D:3      | Reached XP level 5. HP: 23/45 MP: 5/5
  3003 | D:4      | Noticed Robin
  3017 | D:4      | Killed Robin
  3023 | D:4      | Noticed an ogre
  3031 | D:4      | Killed an ogre
  3032 | D:4      | Reached skill level 7 in Axes
  3032 | D:4      | Reached XP level 6. HP: 13/51 MP: 6/6
  3544 | D:3      | Reached skill level 8 in Axes
  3746 | D:4      | Reached skill level 9 in Axes
  3788 | D:4      | Noticed Dowan
  3788 | D:4      | Noticed Duvessa
  4054 | D:4      | Killed Dowan
  4055 | D:4      | Reached XP level 7. HP: 19/57 MP: 7/7
  4059 | D:4      | Killed Duvessa
  4060 | D:4      | Reached skill level 10 in Axes
  4684 | D:5      | Entered Level 5 of the Dungeon
  4754 | D:5      | Reached skill level 1 in Throwing
  5088 | D:5      | Noticed a wyvern
  5097 | D:5      | Killed a wyvern
  5098 | D:5      | Reached skill level 11 in Axes
  5098 | D:5      | Reached XP level 8. HP: 56/64 MP: 8/8
  5878 | D:5      | Reached skill level 12 in Axes
  6349 | D:6      | Reached XP level 9. HP: 56/70 MP: 9/9
  6454 | D:6      | Reached skill level 13 in Axes
  7322 | D:6      | Reached skill level 5 in Throwing
  7329 | D:6      | Reached skill level 14 in Axes
  7388 | D:6      | Noticed a troll
  7397 | D:6      | Killed a troll
  7398 | D:6      | Reached skill level 5 in Fighting
  7771 | D:7      | Reached XP level 10. HP: 48/84 MP: 10/10
  7819 | D:7      | Identified the +4 dagger of Floral Expedience {holy, rCorr}
  8216 | D:7      | Found a transporter.
  8226 | D:7      | Noticed MeltyBlood's ghost (novice MfGl)
  8309 | D:7      | Found a staircase to the Ecumenical Temple.
  8320 | Temple   | Entered the Ecumenical Temple
  8363 | Temple   | Became a worshipper of Warmaster Okawaru
  8476 | D:7      | Found a transporter.
  8483 | D:7      | You fall into a shaft and drop 2 floors!
  9513 | D:8      | Reached * piety under Okawaru
  9692 | D:8      | Noticed Grum
  9715 | D:8      | Killed Grum
  9723 | D:8      | Killed from afar by a meliai

Illustrated notes

Levels and vault maps discovered:
D:1:      ebering_trefoil_twist, layout_basic,
          shapermc_ecumenical_altar_flowoftime, minmay_misc_feat_ornament,
          minmay_misc_feat_square
D:2:      layout_loops_ring, hangedman_decor_push, guppyfry_early_lair_pool,
          uniq_crazy_yiuf_cottage
D:3:      layout_loops_cross, nicolae_overflow_crystal_walls
D:4:      layout_cave_pools, st_stairs_8, uniq_duvessa, uniq_robin
D:5:      kennysheep_kobold_camp, layout_cave_pools
D:6:      layout_rooms, chequers_serial_rivers_micro_c, corexii_checkpoint_b,
          grunt_ministairs_8, hangedman_decor_points, nzn_random_ring
D:7:      layout_loops_cross, minmay_temple_entry_ruins,
          gammafunk_ghost_gnarly_gnolls
D:8:      kennysheep_big_flooded_room, layout_gridville, serial_bayou_pond_d,
          uniq_grum
D:9:      layout_loops_ring, lair_entry_dummy, orc_0_dummy,
          gammafunk_ghost_spectres
Temple:   compressed_dpeg_triangle_lava_temple

Skill      XL: |  1  2  3  4  5  6  7  8  9 10 |
---------------+-------------------------------+-----
Axes           | 3 4 6 7 9 11 12 14 | 14.8
Shields        | 4 |  4.9
Throwing       | 1 3 5 |  5.0
Fighting       | 6 9 |  9.5
Armour         | |  3.2

Action                   |  1- 3 |  4- 6 |  7- 9 | 10-12 || total
-------------------------+-------+-------+-------+-------++-------
Melee: War axe           |   113 |   127 |   398 |       ||   638
       Broad axe         |       |       |    17 |   113 ||   130
Throw: Boomerang         |       |     5 |    16 |       ||    21
Invok: Heroism           |       |       |       |     1 ||     1
  Use: Potion            |       |     2 |       |       ||     2
       Scroll            |       |     2 |     5 |     1 ||     8
Armor: Scale mail        |    44 |    39 |   190 |    37 ||   310
Dodge: Dodged            |    53 |    61 |   135 |    32 ||   281
Block: Buckler           |    20 |    25 |    55 |    17 ||   117
